 Dungeon Crawl Stone Soup version 0.14-a0-817-g3f7b0b1 (webtiles) character file.

261697 Malachi the Bringer of Law (level 20, -6/158 (160) HPs)
             Began as a Hill Orc Healer on Nov 12, 2013.
             Was the Champion of Zin.
             Mangled by a vampire knight
             ... wielding a +2,+1 halberd of dragon slaying
              (10 damage)
             ... on Level 1 of the Abyss.
             The game lasted 03:45:28 (64297 turns).

Malachi the Bringer of Law (Hill Orc Healer)       Turns: 64297, Time: 03:45:28

HP  -6/158 (160) AC 27     Str 23 (24) XL: 20   Next: 36%
MP  41/41        EV  9     Int 13      God: Zin [******]
Gold 666         SH 28     Dex 13      Spells:  0 memorised, 19 levels left

Res.Fire  : + + .   See Invis. : .   X - +6,+4 morningstar (holy)
Res.Cold  : . . .   Warding    : .   v - +11 fire dragon armour of Hide-and-Seek {rF++ rC- Dex+3 Int+1}
Life Prot.: . . .   Conserve   : +   B - +0 dwarf shield
Res.Poison: .       Res.Corr.  : .   P - +1 dwarf plumed helmet
Res.Elec. : .       Clarity    : .   n - +1 cloak
Sust.Abil.: . .     Spirit.Shd : .   (no gloves)
Res.Mut.  : .       Stasis     : .   (no boots)
Res.Rott. : .       Flight     : .   A - amulet of conservation
Saprovore : + . .                    I - ring of regeneration
                                     S - ring of protection from cold

@: short of breath, studying Axes, heavily drained, quite resistant to hostile
enchantments, extremely unstealthy
A: saprovore 1
a: Recite, Vitalisation, Imprison, Sanctuary, Cure All Mutations, Renounce
Religion
}: 1/15 runes: serpentine


You were on level 1 of the Abyss.
You worshipped Zin.
Zin was exalted by your worship.
You were near starving.

You visited 6 branches of the dungeon, and saw 42 of its levels.
You visited the Abyss 2 times.
You also visited: Sewer, Bailey and Volcano.

You collected 5555 gold pieces.
You spent 4508 gold pieces at shops.
You donated 381 gold pieces.

Inventory:

Hand weapons
 k - a +0,+0 eveningstar
 m - a +1,+2 whip of freezing
 D - a +5,+5 whip of electrocution
 X - a +6,+4 morningstar of holy wrath (weapon)
Missiles
 p - 16 tomahawks of returning (quivered)
Armour
 n - a +1 cloak (worn)
 v - the +11 fire dragon armour of Hide-and-Seek (worn) {rF++ rC- Dex+3 Int+1}
   (You bought it in a shop on level 15 of the Dungeon)

   It affects your intelligence (+1).
   It affects your dexterity (+3).
   It greatly protects you from fire.
   It makes you vulnerable to cold.
 B - a +0 dwarven shield (worn)
 P - a +1 dwarven plumed helmet (worn)
 Y - the +1 cloak "Qeomou" {+Fly}
   (You found it on level 7 of the Lair of Beasts)

   It lets you fly.
Magical devices
 b - a wand of confusion (12)
 e - a wand of lightning (1)
 h - a wand of heal wounds (0)
 u - a wand of cold (0)
 y - a wand of disintegration (13)
 C - a wand of hasting (0)
 F - a wand of teleportation (2)
 K - a wand of disintegration (11)
 T - a wand of disintegration (10)
 U - a wand of teleportation (0)
Comestibles
 d - 9 meat rations
 o - 9 bread rations
Scrolls
 s - a scroll of identify
 L - a scroll of fear
 W - 4 scrolls of remove curse
 Z - a scroll of magic mapping
Jewellery
 c - a cursed -2 ring of intelligence {unknown}
 i - an uncursed amulet of rage
 j - a +3,+3 ring of slaying
 t - the amulet "Plour" {+Rage Dex+2 Int+3}
   (You found it in a bailey)

   [amulet of rage]

   It affects your intelligence (+3).
   It affects your dexterity (+2).
 w - an uncursed ring of protection from magic
 x - an uncursed amulet of stasis
 A - an amulet of conservation (around neck)
 G - an uncursed ring of flight
 H - an uncursed ring of protection from fire
 I - a ring of regeneration (right hand)
 S - a ring of protection from cold (left hand)
Potions
 f - a potion of heal wounds
 l - 2 potions of might
 q - 4 potions of flight
 z - a potion of magic
 J - 3 potions of berserk rage
 O - a potion of resistance
 V - a potion of brilliance
Books
 a - a manual of Axes
 g - a book of Cantrips

   Spells                             Type                      Level
   Confusing Touch                    Hexes                        1
   Animate Skeleton                   Necromancy                   1
   Summon Small Mammal                Summoning                    1
   Apportation                        Translocation                1
Miscellaneous
 R - a stone of tremors


   Skills:
 - Level 10.2(8.6) Fighting
 + Level 20.5(18.5) Maces & Flails
 + Level 1.8(0.6) Throwing
 - Level 11.7(10.1) Armour
 - Level 4.8(3.4) Dodging
 - Level 1.0(0.0) Stealth
 - Level 15.0(13.3) Shields
 * Level 25.9(23.7) Invocations


You had 19 spell levels left.
You didn't know any spells.

Dungeon Overview and Level Annotations

Branches:
Dungeon (21/27)            Temple (1/1) D:6             Orc (4/4) D:9
    Elf (3/3) Orc:3          Lair (8/8) D:8           Swamp (0/5) Lair:4
  Snake (5/5) Lair:4        Slime (0/6) Lair:6       Vaults (0/5) D:20

Altars:
Ashenzari
Cheibriados
Elyvilon
Fedhas
Kikubaaqudgha
Makhleb
Nemelex Xobeh
Okawaru
Sif Muna
Trog
Vehumet
Xom
Yredelemnul
Zin
the Shining One
Beogh
Jiyva

Shops:
D:6 }   D:8 +   D:15 [   Orc:4 %/?

Portals:
Ziggurat: D:11 (2910 gp)

Annotations:
Snake:5 exclusion: silver statue


Innate Abilities, Weirdness & Mutations

You can tolerate rotten meat.


Message History

The vampire knight hits you from afar with a glowing halberd!
* * * LOW HITPOINT WARNING * * *
Your recitation is interrupted.
You feel short of breath. You block the bat's attack.
Found 20 bolts of frost and a potion of heal wounds.
You block the bat's attack. The smoke demon gestures at you.
Something smites you!
* * * LOW HITPOINT WARNING * * *
The vampire knight barely misses you. The bat hits you but does no damage.
A manticore comes into view.
You block the bat's attack.
You see here a potion of heal wounds.
f - a potion of heal wounds You block the bat's attack.
The vampire knight gestures at you while chanting.
You resist.
The vampire knight hits you from afar with a glowing halberd!
You die...

#.....#...... ...
###.....#.....# ...
........# ...ยง.....
. #
.(....#.........#
..........####'####
. #.##
##.X.3.X....#.
#..###V##.###..#.#
#..b##3....#.#
#...#@......#.....
#.#...##.#..#..##.#.
.H...## #....... .
.##. #..####.. .. ..
... .. . ####


You could see a vampire knight, a manticore, a thrashing horror, a smoke demon
and a bat.

Vanquished Creatures
  A bone dragon (Abyss:1)
  Nikola (Snake:1)
  A deep elf blademaster (Elf:3)
  An acid blob (Abyss:1)
  A lich (Abyss:1)
  Frances (Elf:2)
  An ancient champion (Abyss:1)
  Kirke (D:18)
  A revenant (Abyss:1)
  A shadow dragon (D:17)
  Roxanne (Elf:1)
  2 deep elf sorcerers
  Wiglaf (D:19)
  Maud (Snake:1)
  2 tentacled starspawn (Abyss:1)
  Aizul (D:18)
  A cacodemon (Abyss:1)
  An orc warlord (Orc:4)
  Gastronok (Lair:3)
  An azure jelly (Abyss:1)
  Jorgrun (D:17)
  2 stone giants
  13 greater nagas
  An eidolon (Abyss:1)
  2 deep elf demonologists
  The ghost of Somebody the Carver, a powerful GrSk of Kikubaaqudgha (Orc:4)
  A purple draconian (Abyss:1)
  Azrael (D:17)
  A lorocyproca (Abyss:1)
  A deep elf annihilator (Elf:3)
  Snorg (Snake:3)
  A deep elf death mage (Elf:1)
  5 ogre magi
  A vault guard (D:14)
  The ghost of 4tharraofdagon the Cleaver, a powerful MiGl of Okawaru (Orc:4)
  A yaktaur captain (D:20)
  2 great orbs of eyes (D:20)
  Harold (D:10)
  Josephine (Snake:1)
  An ice dragon (D:19)
  14 hydras
  Nessos (Orc:3)
  A hydra (shapeshifter) (D:20)
  5 anacondas
  3 orc high priests (Orc:4)
  The ghost of Malachi the Protected, an experienced HOHe of Elyvilon (D:8)
  3 death yaks (Lair:3)
  2 rakshasas (D:17)
  3 plague shamblers (D:15)
  3 wretched stars (Abyss:1)
  6 hell hogs (Abyss:1)
  12 naga warriors
  6 thrashing horrors (Abyss:1)
  Urug (Snake:1)
  15 centaur warriors
  Nergalle (Orc:1)
  A soul eater (Abyss:1)
  19 deep elf knights
  19 skeletal warriors
  A shadow wraith (Abyss:1)
  Erolcha (D:9)
  A giant orange brain (Abyss:1)
  A spatial maelstrom (Abyss:1)
  A faun (shapeshifter) (D:20)
  2 unseen horrors
  3 starcursed masses (Abyss:1)
  13 hill giants
  4 large abominations (Abyss:1)
  2 wizards
  4 giant amoebae
  14 orc knights
  Pikel (D:7)
  2 flayed ghosts
  2 hellions (Abyss:1)
  A lindwurm (Volcano)
  A wolf spider zombie (D:17)
  Joseph (Orc:2)
  A giant orange brain (shapeshifter) (D:17)
  4 wolf spiders
  A necromancer (Lair:3)
  A shadow dragon skeleton (D:19)
  4 griffons
  6 orc sorcerers
  3 flaming corpses (Abyss:1)
  3 sixfirhies
  3 stone giant zombies
  A red wasp (D:19)
  13 cyclopes
  15 deep elf conjurers
  2 apocalypse crabs (Abyss:1)
  2 octopodes (D:15)
  A phantasmal warrior (D:20)
  A fire giant skeleton (D:20)
  2 spectral elves (Elf:1)
  4 elephants (Lair:7)
  A hell beast (Elf:1)
  A spiny worm (D:20)
  Maurice (D:9)
  17 spiny frogs
  21 black mambas
  4 stone giant skeletons
  14 guardian serpents
  A tormentor (Abyss:1)
  7 deep elf summoners
  An item mimic (Lair:8)
  20 small abominations
  An orange demon (Elf:1)
  A feature mimic (Orc:4)
  8 smoke demons
  Psyche (Orc:1)
  8 yaktaurs
  A jumping spider (D:19)
  A red devil (Snake:5)
  10 naga magi
  4 demonic crawlers
  A jumping spider (shapeshifter) (D:17)
  10 deep elf priests
  2 ancient zymes (Abyss:1)
  A guardian mummy (D:15)
  Grinder (D:4)
  2 hydra zombies
  9 komodo dragons
  3 fire drakes
  11 trolls
  Sonja (Orc:2)
  A queen bee (shapeshifter) (D:15)
  A baby alligator (shapeshifter) (D:19)
  A wolf spider simulacrum (D:17)
  13 blink frogs
  9 two-headed ogres
  A giant firefly (shapeshifter) (Elf:1)
  A trapdoor spider zombie (D:14)
  A harpy skeleton (D:17)
  2 giant leeches (Lair:8)
  An ettin zombie (D:19)
  37 slime creatures
  A brown ooze (Abyss:1)
  2 boulder beetles
  A fire dragon zombie (D:14)
  A hydra skeleton (D:13)
  An ice dragon zombie (Abyss:1)
  5 basilisks
  2 grizzly bears (D:13)
  An ice dragon skeleton (Abyss:1)
  41 yaks
  An ettin skeleton (D:20)
  An air elemental (D:20)
  4 ynoxinuls (Abyss:1)
  2 tarantellas (shapeshifter)
  27 deep elf magi
  4 water elementals (D:15)
  3 shadows
  A chaos spawn (Abyss:1)
  2 hill giant zombies
  5 redbacks
  2 vampires
  4 wyverns
  2 fire elementals
  59 ugly things
  5 wraiths
  Eustachio (D:7)
  A spiny worm zombie (D:20)
  3 hungry ghosts
  Grum (D:11)
  4 sharks
  8 hippogriffs
  A red draconian simulacrum (Abyss:1)
  3 neqoxecs (Abyss:1)
  A steam dragon (Lair:3)
  6 hogs (D:18)
  20 vampire mosquitoes
  A clay golem (D:15)
  3 hill giant skeletons
  A soldier ant (D:17)
  27 deep elf fighters
  A manticore (D:8)
  11 hell hounds
  An agate snail zombie (D:17)
  3 mottled dragons
  2 necrophages
  A spatial vortex (Abyss:1)
  13 porcupines
  14 wolves
  A wolf (shapeshifter) (Elf:1)
  A guardian serpent simulacrum (Abyss:1)
  7 swamp worms (D:15)
  3 black bears (D:9)
  12 giant goldfish
  57 nagas
  29 orc warriors
  2 phantoms
  27 ogres
  3 sky beasts
  A yellow wasp (D:9)
  2 blink frog zombies
  26 centaurs
  5 ice beasts
  An ogre (shapeshifter) (D:19)
  2 boring beetles
  2 black mamba simulacra (Snake:1)
  The ghost of Antunes the Skirmisher, an average DrWn (Sewer)
  A lava worm (Lair:1)
  7 wargs
  A rotting devil (Snake:5)
  Duvessa (D:4)
  18 crocodiles
  9 giant slugs
  A warg (shapeshifter) (D:16)
  2 yaktaur zombies
  2 brain worms
  38 water moccasins
  6 big kobolds
  A lost soul (Elf:1)
  4 agate snails
  29 giant frogs
  A cyclops zombie (D:17)
  An eye of draining (Abyss:1)
  A gnoll sergeant (D:5)
  A glowing shapeshifter simulacrum (D:19)
  2 cyclops skeletons
  A boulder beetle zombie (D:19)
  3 troll zombies
  6 jellyfish
  A hippogriff zombie (D:11)
  19 wights
  A lava fish (Lair:1)
  4 killer bees
  A troll skeleton (D:14)
  10 fire bats
  7 goliath beetles
  Dowan (D:4)
  5 electric eels
  A quasit (Snake:5)
  A boring beetle zombie (D:20)
  A gnoll shaman (Temple)
  13 crimson imps
  19 orc priests
  4 big fish
  A giant frog skeleton (D:12)
  A giant frog zombie (D:7)
  7 hounds
  10 iguanas
  4 jellies
  A rock worm simulacrum (D:17)
  2 iron imps (Abyss:1)
  5 worker ants
  35 orc wizards
  6 scorpions
  6 orange rats
  A killer bee zombie (D:12)
  3 grizzly bear simulacra (Lair:3)
  An ogre zombie (D:6)
  16 sheep
  A big kobold zombie (D:15)
  A sky beast zombie (D:12)
  A brain worm zombie (Abyss:1)
  A hound zombie (D:11)
  A big kobold skeleton (D:13)
  2 ogre skeletons
  3 mummies
  A naga skeleton (Snake:1)
  2 lemures
  53 adders
  6 giant centipedes
  7 gnolls
  17 green rats
  3 hound simulacra (Lair:3)
  11 giant mites
  An inept feature mimic (D:4)
  A white imp (Snake:5)
  4 ufetubi
  15 worms
  An adder skeleton (Snake:1)
  A scorpion zombie (D:10)
  4 wandering mushrooms
  An adder zombie (Snake:1)
  21 grey rats
  An iguana skeleton (D:5)
  A giant eyeball (Abyss:1)
  3 sheep simulacra (Lair:3)
  4 oozes
  202 orcs
  5 giant cockroaches
  24 goblins
  13 hobgoblins
  24 jackals
  8 quokkas
  7 ball pythons
  23 bats
  7 giant geckos
  6 giant newts
  5 giant spores
  2 hobgoblin zombies (D:9)
  14 illusory rakshasas (D:17)
  A jackal skeleton (D:8)
  57 kobolds
  A kobold skeleton (D:4)
  16 orc skeletons
  9 orc zombies
  24 rats
  2 rat simulacra (Lair:3)
  A rat zombie (D:7)
  22 ballistomycetes
  A crawling corpse (Elf:1)
  2 fungi (D:8)
  27 pillars of salt
  2 plants (Lair:1)
  2 starspawn tentacles (Abyss:1)
2015 creatures vanquished.

Vanquished Creatures (others)
  A rakshasa (Abyss:1)
  An unseen horror (D:17)
  A guardian serpent (Snake:5)
  A troll (D:15)
  2 centaurs (D:13)
  2 orc priests (Orc:4)
  An iguana (D:6)
  An orange rat (Elf:3)
  A giant gecko (D:6)
  3 giant spores
  A lurking horror (Abyss:1)
  An orc zombie (Orc:4)
  8 fungi
  74 pillars of salt
  5 plants
  13 starspawn tentacles (Abyss:1)
  52 starspawn tentacle segments (Abyss:1)
168 creatures vanquished.

Grand Total: 2183 creatures vanquished

Notes
Turn   | Place    | Note
--------------------------------------------------------------
     0 | D:1      | Malachi, the Hill Orc Healer, began the quest for the Orb.
     0 | D:1      | Reached XP level 1. HP: 17/17 MP: 2/2
    32 | D:1      | Noticed a crocodile
    32 | D:1      | Noticed a black mamba
    32 | D:1      | Noticed a hog
    32 | D:1      | Noticed a fire drake
    86 | D:1      | Reached skill level 5 in Invocations
   231 | D:1      | Reached XP level 2. HP: 24/24 MP: 4/4
   853 | D:2      | Reached XP level 3. HP: 3/29 MP: 6/6
  1883 | D:2      | Reached XP level 4. HP: 35/37 MP: 8/8
  1948 | D:2      | Found a bloodstained altar of Trog.
  2030 | D:2      | Reached skill level 1 in Stealth
  2056 | D:2      | Reached skill level 1 in Maces & Flails
  2390 | D:3      | Reached skill level 1 in Armour
  2459 | D:3      | Found a glowing golden altar of the Shining One.
  2468 | D:3      | Found an iron altar of Okawaru.
  2468 | D:3      | Found a blossoming altar of Fedhas.
  2638 | D:3      | Reached XP level 5. HP: 19/42 MP: 10/10
  2830 | D:3      | Found a glowing drain.
  2867 | Sewer    | Entered a sewer
  2869 | Sewer    | Noticed Antunes' ghost (average DrWn)
  2889 | Sewer    | Killed Antunes' ghost
  2889 | Sewer    | Reached skill level 6 in Invocations
  3032 | Sewer    | Reached XP level 6. HP: 39/50 MP: 13/13
  4698 | D:3      | Found a glowing silver altar of Zin.
  4698 | D:3      | Noticed an angel
  4838 | D:4      | Reached XP level 7. HP: 44/56 MP: 15/15
  5162 | D:4      | Noticed Grinder
  5184 | D:4      | Paralysed by Grinder for 3 turns
  5452 | D:4      | Killed Grinder
  5452 | D:4      | Reached skill level 1 in Throwing
  5452 | D:4      | Reached skill level 7 in Invocations
  5877 | D:4      | Noticed Dowan
  5878 | D:4      | Noticed Duvessa
  5893 | D:4      | Killed Duvessa
  5893 | D:4      | Reached XP level 8. HP: 43/63 MP: 18/18
  5911 | D:4      | Killed Dowan
  5941 | D:4      | Paralysed by a potion of paralysis for 3 turns
  6552 | D:4      | Found an ancient bone altar of Kikubaaqudgha.
  6654 | D:5      | Entered Level 5 of the Dungeon
  6853 | D:5      | Found a sparkling altar of Nemelex Xobeh.
  6934 | D:5      | Found a deep blue altar of Sif Muna.
  7450 | D:5      | Reached skill level 5 in Maces & Flails
  7581 | D:6      | Found Mnuutt's Gadget Boutique.
  7635 | D:6      | Reached skill level 5 in Armour
  7825 | D:6      | Found a staircase to the Ecumenical Temple.
  7844 | Temple   | Entered the Ecumenical Temple
  7977 | D:6      | Reached skill level 8 in Invocations
  8002 | D:6      | Reached XP level 9. HP: 27/70 MP: 20/20
  8225 | D:3      | Fell from the grace of Elyvilon
  8225 | D:3      | Became a worshipper of Zin the Law-Giver
  8225 | D:3      | Acquired Zin's first power
  8225 | D:3      | Acquired Zin's second power
  9460 | D:7      | Noticed Eustachio
  9483 | D:7      | Killed Eustachio
  9483 | D:7      | Reached skill level 5 in Fighting
  9522 | D:7      | Reached skill level 9 in Invocations
  9734 | D:7      | Noticed Pikel
  9756 | D:7      | Killed Pikel
 10275 | D:8      | Found Mauproma's Book Shoppe.
 10288 | D:8      | Found a shimmering altar of Xom.
 10354 | D:8      | Reached XP level 10. HP: 35/79 MP: 23/23
 10576 | D:8      | Found a staircase to the Lair.
 10581 | D:8      | Noticed a wandering mushroom
 10602 | D:8      | Killed a wandering mushroom
 10603 | D:8      | Noticed Malachi's ghost (experienced HOHe)
 10728 | D:8      | Killed Malachi's ghost
 10728 | D:8      | Reached skill level 10 in Invocations
 10821 | D:8      | Noticed a wandering mushroom
 10834 | D:8      | Killed a wandering mushroom
 10965 | D:8      | HP: 4/80 [sheep (4)]
 11079 | D:8      | Noticed a three-headed hydra
 11085 | D:8      | Killed a three-headed hydra
 11145 | D:8      | Noticed a wandering mushroom
 11158 | D:8      | Killed a wandering mushroom
 11795 | D:9      | Paralysed by a yellow wasp for 3 turns
 11807 | D:9      | Reached skill level 11 in Invocations
 12087 | D:9      | Found a staircase to the Orcish Mines.
 12211 | D:9      | Noticed Maurice
 12246 | D:9      | Reached XP level 11. HP: 76/86 MP: 25/25
 12257 | D:9      | Killed Maurice
 12268 | D:9      | Acquired Zin's third power
 12489 | D:9      | Noticed Erolcha
 12499 | D:9      | Killed Erolcha
 12499 | D:9      | Reached skill level 10 in Maces & Flails
 12834 | Orc:1    | Entered Level 1 of the Orcish Mines
 13077 | Orc:2    | Noticed Nergalle
 13082 | Orc:2    | Noticed Sonja
 13112 | Orc:1    | Killed Nergalle
 13128 | Orc:1    | Reached skill level 12 in Invocations
 13330 | Orc:1    | Noticed an ice devil
 13582 | Orc:2    | Noticed Psyche
 13600 | Orc:1    | Paralysed by Psyche for 3 turns
 13607 | Orc:1    | Killed Psyche
 13929 | Orc:2    | Killed Sonja
 14138 | Orc:2    | Acquired Zin's fourth power
 14430 | Orc:3    | Found a flagged portal.
 14449 | Bailey   | Entered a bailey
 14576 | Bailey   | Got a pitted lead amulet
 14577 | Bailey   | Identified the amulet "Plour" {+Rage Dex+2 Int+3} (You found it in a bailey)
 14586 | Bailey   | Found an iron altar of Okawaru.
 15124 | D:10     | Entered Level 10 of the Dungeon
 15525 | D:10     | Noticed Harold
 15542 | D:10     | Killed Harold
 15702 | D:10     | Reached XP level 12. HP: 96/96 MP: 27/27
 16129 | D:11     | Reached skill level 13 in Invocations
 16162 | D:11     | Found a gateway to a ziggurat.
 16323 | D:11     | Identified the Collected Works on Gliding Conjuration
 16490 | D:11     | Noticed Grum
 16507 | D:11     | Killed Grum
 17298 | D:12     | Reached skill level 10 in Armour
 17594 | D:12     | Noticed a six-headed hydra
 17600 | D:12     | Killed a six-headed hydra
 18354 | Lair:1   | Entered Level 1 of the Lair of Beasts
 18386 | Lair:1   | Reached skill level 14 in Invocations
 18975 | Lair:1   | Noticed a seven-headed hydra
 19689 | D:13     | Found a bloodstained altar of Trog.
 20340 | D:13     | Found a shimmering altar of Xom.
 20341 | D:13     | Found a shimmering altar of Xom.
 20341 | D:13     | Found a shimmering altar of Xom.
 20342 | D:13     | Found a shimmering altar of Xom.
 20342 | D:13     | Found a shimmering altar of Xom.
 20733 | D:13     | Reached XP level 13. HP: 73/104 MP: 30/30
 20799 | D:13     | Reached skill level 15 in Invocations
 21346 | D:14     | Found an iron altar of Okawaru.
 21399 | D:14     | Found a sparkling altar of Nemelex Xobeh.
 21662 | D:14     | Reached skill level 16 in Invocations
 21699 | D:14     | Noticed a vault guard
 21701 | D:14     | Killed a vault guard
 22804 | Orc:3    | Found a roughly hewn altar of Beogh.
 22804 | Orc:3    | Noticed Nessos
 22804 | Orc:3    | Noticed Joseph
 23130 | Orc:2    | Killed Joseph
 23160 | Orc:3    | Found a deep blue altar of Sif Muna.
 23225 | Orc:3    | Killed Nessos
 23411 | Orc:4    | Entered Level 4 of the Orcish Mines
 23522 | Orc:4    | Noticed Somebody's ghost (powerful GrSk)
 23733 | Orc:4    | Killed Somebody's ghost
 23733 | Orc:4    | Reached skill level 17 in Invocations
 24409 | Orc:4    | Found Caquatt's Magic Scroll Shoppe.
 24411 | Orc:4    | Found Utottaux's General Store.
 24611 | Orc:4    | Found Piyrchoah's Food Shop.
 24611 | Orc:4    | Found Schokhy's Magical Wand Shoppe.
 24623 | Orc:4    | Utottaux's General Store was a mimic.
 24636 | Orc:4    | Bought a scroll of enchant weapon I for 66 gold pieces
 24636 | Orc:4    | Bought a scroll of enchant weapon II for 66 gold pieces
 24636 | Orc:4    | Bought a scroll of enchant weapon II for 66 gold pieces
 24644 | Orc:4    | Bought a scroll of identify for 24 gold pieces
 24657 | Orc:4    | Bought a scroll of recharging for 66 gold pieces
 24662 | Orc:4    | Bought a wand of heal wounds (6) for 900 gold pieces
 24675 | Orc:4    | Bought a meat ration for 56 gold pieces
 24675 | Orc:4    | Bought a meat ration for 56 gold pieces
 24675 | Orc:4    | Bought a meat ration for 56 gold pieces
 24675 | Orc:4    | Bought a meat ration for 56 gold pieces
 24675 | Orc:4    | Bought a meat ration for 56 gold pieces
 24857 | Orc:4    | Noticed an orc warlord
 24918 | Orc:4    | Killed an orc warlord
 24918 | Orc:4    | Reached XP level 14. HP: 75/113 MP: 32/32
 25252 | Orc:4    | Noticed 4tharraofdagon's ghost (powerful MiGl)
 25271 | Orc:4    | Killed 4tharraofdagon's ghost
 25271 | Orc:4    | Reached skill level 18 in Invocations
 25579 | Orc:3    | Found a staircase to the Elven Halls.
 26022 | Elf:1    | Entered Level 1 of the Elven Halls
 26475 | Elf:1    | Noticed a cacodemon
 26891 | Lair:1   | Killed a seven-headed hydra
 27376 | Lair:1   | Reached skill level 15 in Maces & Flails
 28539 | Lair:3   | Noticed Gastronok
 29466 | Lair:3   | Killed Gastronok
 29923 | Lair:4   | Found a staircase to the Snake Pit.
 30013 | Lair:4   | Found a staircase to the Swamp.
 31864 | Lair:6   | Found a viscous altar of Jiyva.
 31865 | Lair:6   | Found a staircase to the Slime Pits.
 31883 | Lair:6   | Reached skill level 10 in Fighting
 31912 | Lair:6   | Found a dark tunnel.
 31927 | Volcano  | Entered a volcano
 32128 | Volcano  | Reached XP level 15. HP: 111/122 MP: 34/34
 33405 | Lair:7   | Got a slimy cloak
 33411 | Lair:7   | Identified the +1 cloak "Qeomou" {+Fly} (You found it on level 7 of the Lair of Beasts)
 33496 | Lair:7   | Reached skill level 19 in Invocations
 33672 | Lair:7   | Reached skill level 1 in Shields
 34063 | Lair:8   | Entered Level 8 of the Lair of Beasts
 34287 | Lair:8   | Identified a scroll of acquirement
 35470 | Lair:8   | Reached skill level 5 in Shields
 36440 | Snake:1  | Entered Level 1 of the Snake Pit
 36521 | Snake:1  | Noticed Josephine
 36535 | Snake:1  | Killed Josephine
 36601 | Snake:1  | Noticed Nikola
 37128 | Snake:1  | Noticed Urug
 37149 | Snake:1  | Killed Urug
 37341 | Snake:1  | Noticed Maud
 37370 | Snake:1  | Killed Maud
 37416 | Snake:1  | Killed Nikola
 38589 | Snake:3  | Noticed Snorg
 38611 | Snake:3  | Killed Snorg
 38611 | Snake:3  | Reached XP level 16. HP: 130/130 MP: 35/35
 39585 | Snake:3  | Reached skill level 20 in Invocations
 40600 | Snake:5  | Entered Level 5 of the Snake Pit
 41794 | Snake:5  | Got a polished scale mail
 41811 | Snake:5  | Identified the +1 scale mail of Scheynami {rN+ SInv Stlth--} (You found it on level 5 of the Snake Pit)
 42824 | Snake:5  | Reached skill level 21 in Invocations
 44245 | Snake:5  | Got a serpentine rune of Zot
 45401 | D:15     | Entered Level 15 of the Dungeon
 45813 | D:15     | Reached XP level 17. HP: 137/137 MP: 37/37
 45935 | D:15     | Reached skill level 10 in Shields
 46038 | D:15     | Found Coalos' Antique Armour Emporium.
 46595 | D:15     | Reached skill level 22 in Invocations
 48755 | D:17     | Noticed Azrael
 48822 | D:17     | Killed Azrael
 49704 | D:17     | Noticed Jorgrun
 49730 | D:17     | Killed Jorgrun
 49888 | D:17     | Reached skill level 23 in Invocations
 51027 | D:17     | Reached XP level 18. HP: 118/142 MP: 38/38
 51694 | D:17     | Got a faintly humming chain mail
 51705 | D:17     | Identified the cursed -4 chain mail "Emedeove" {Dex+4 Dam+4} (You found it on level 17 of the Dungeon)
 52296 | D:18     | Noticed Kirke
 52353 | D:18     | Killed Kirke
 52612 | D:18     | Found a glowing silver altar of Zin.
 52761 | D:18     | Noticed Aizul
 52793 | D:18     | Killed Aizul
 54068 | D:19     | Noticed Wiglaf
 54102 | D:19     | Killed Wiglaf
 54797 | D:19     | Paralysed by an ogre mage for 4 turns
 54813 | D:19     | Reached skill level 24 in Invocations
 55644 | D:15     | Bought a brightly glowing fire dragon armour for 3040 gold pieces
 55668 | D:15     | Identified the +11 fire dragon armour of Hide-and-Seek {rF++ rC- Dex+3 Int+1} (You bought it in a shop on level 15 of the Dungeon)
 55830 | D:20     | Entered Level 20 of the Dungeon
 55867 | D:20     | Found a radiant altar of Vehumet.
 55872 | D:20     | Found a staircase to the Vaults.
 56902 | D:20     | Reached XP level 19. HP: 117/149 MP: 39/39
 58385 | Elf:1    | Noticed Roxanne
 58419 | Elf:1    | Killed Roxanne
 58421 | Elf:1    | Identified Roxanne's Handbook of Earthen Transmutation (You took it off Roxanne on level 1 of the Elven Halls)
 59456 | Elf:2    | Noticed Frances
 59497 | Elf:2    | Killed Frances
 60168 | Elf:3    | Entered Level 3 of the Elven Halls
 60906 | Elf:3    | Reached skill level 25 in Invocations
 61239 | Elf:3    | Cast into the Abyss (deep elf sorcerer)
 61876 | Abyss:1  | Noticed a bone dragon
 61894 | Abyss:1  | Killed a bone dragon
 61903 | Elf:3    | Escaped the Abyss
 61964 | Elf:3    | Cast into the Abyss (deep elf sorcerer)
 62721 | Abyss:1  | Found a basalt altar of Yredelemnul.
 62820 | Abyss:1  | Reached XP level 20. HP: 82/158 MP: 41/41
 63066 | Abyss:1  | Paralysed by a giant eyeball for 3 turns
 63212 | Abyss:1  | Reached skill level 15 in Shields
 63512 | Abyss:1  | HP: 4/158 [vault sentinel/ bolt (13)]
 64266 | Abyss:1  | Noticed a pearl dragon
 64293 | Abyss:1  | HP: 1/158 [smoke demon/divine providence (12)]
 64297 | Abyss:1  | Mangled by a vampire knight

Action                   |  1- 3 |  4- 6 |  7- 9 | 10-12 | 13-15 | 16-18 | 19-21 || total
-------------------------+-------+-------+-------+-------+-------+-------+-------++-------
Melee: Mace              |   105 |   329 |   347 |   124 |       |       |       ||   905
       Unarmed           |     8 |       |       |       |       |       |       ||     8
       Whip              |       |       |   163 |  1433 |  1804 |   882 |       ||  4282
       Morningstar       |       |       |       |     8 |   403 |  1809 |  1176 ||  3396
Throw: Javelin           |     1 |     2 |     8 |     3 |       |       |       ||    14
       Tomahawk          |       |       |     6 |     6 |       |       |       ||    12
Invok: Lesser Healing    |     6 |       |       |       |       |       |       ||     6
       Lesser Self-Heali |       |       |     2 |       |       |       |       ||     2
       Recite            |       |       |     5 |    33 |    66 |   107 |    48 ||   259
       Vitalisation      |       |       |       |     1 |    15 |    43 |    14 ||    73
Evoke: Wand              |       |       |     2 |    22 |    39 |    19 |     8 ||    90
       Miscellaneous     |       |       |       |       |       |     1 |       ||     1
  Use: Scroll            |     2 |     8 |     9 |    10 |    25 |    14 |     5 ||    73
       Potion            |       |       |     7 |    16 |    25 |     7 |     9 ||    64
 Stab: Paralysed         |       |       |       |     8 |    56 |    68 |    16 ||   148
       Confused          |       |       |       |     7 |    21 |    50 |    32 ||   110
       Invisible         |       |       |       |       |     6 |       |       ||     6
